Map: Port Aleksander LE

Players

HeroMarine

  • Race: Terran Terran
  • Spawn Location: 11:00

SKillous - Winner!

  • Race: Protoss Protoss
  • League: Master
  • Spawn Location: 5:00

Event: 2019 WCS Winter Europe

VOD

Have the link to the VOD?

Description

Time

  • Played on: Feb. 1, 2019, 9:47 a.m.
  • Length: 15:27

All games in this series

Show
View Real Time Build Order
Export as new Build Order

HeroMarine Terran 

Build Orders: Reaper Expand 

Get SALT Encoding   

  12  0:00  SCV  
  13  0:12  SCV  
  14  0:18  Supply Depot  
  14  0:25  SCV  
  15  0:40  SCV  
  15  0:41  Barracks  
  16  0:44  Refinery  
  16  0:52  SCV  
  17  1:04  SCV  
  18  1:16  SCV  
  19  1:28  Reaper  
  19  1:29  Orbital Command  
  20  1:42  Command Center  
  20  1:54  SCV, Supply Depot  
  20  2:01  Barracks Reactor  
  21  2:06  SCV  
  22  2:18  SCV  
  23  2:27  Command Center  
  23  2:30  SCV  
  24  2:37  Marine x2  
  24  2:43  SCV  
  27  2:45  Barracks  
  27  2:55  SCV  
  27  2:56  Orbital Command  
  27  2:58  Marine  
  29  3:00  Marine  
  30  3:07  SCV  
  31  3:13  Engineering Bay  
  31  3:18  Marine x2  
  31  3:19  SCV  
  34  3:21  SCV  
  35  3:31  Barracks Tech Lab  
  35  3:32  SCV, Bunker  
  35  3:33  SCV  
  37  3:36  Marine x2  
  39  3:44  Orbital Command  
  39  3:45  SCV x2  
  41  3:52  Stimpack  
  41  3:57  Terran Infantry Weapons Level 1, SCV x2  
  41  3:58  Marine  
  41  3:59  Marine x2  
  46  4:08  Missile Turret, Factory  
  46  4:09  SCV  
  47  4:10  SCV  
  47  4:11  SCV  
  49  4:19  Supply Depot  
  49  4:21  SCV, Refinery x2  
  49  4:22  SCV  
  51  4:28  Barracks  
  51  4:29  Marauder  
  51  4:31  SCV  
  54  4:33  Marine x2  
  54  4:35  SCV  
  54  4:36  SCV  
  57  4:47  SCV x2  
  57  4:48  SCV  
  60  4:52  Barracks  
  60  4:53  Barracks  
  60  4:54  Starport  
  60  4:56  Factory Reactor  
  60  4:58  Marauder  
  62  5:01  Supply Depot  
  62  5:04  SCV, Refinery  
  62  5:06  SCV  
  64  5:07  SCV  
  64  5:10  Supply Depot  
  65  5:17  SCV  
  65  5:18  SCV  
  65  5:19  Marine  
  65  5:20  Marauder, Marine  
  69  5:23  Barracks Tech Lab  
  68  5:36  SCV x2  
  68  5:37  Marine  
  68  5:38  Factory Reactor, Marine  
  68  5:41  Marauder, Barracks Tech Lab  
  68  5:42  Marauder, Barracks Tech Lab  
  75  5:49  Medivac  
  76  5:52  Medivac, Combat Shield  
  76  5:54  SCV x2, Orbital Command  
  76  5:57  Supply Depot, Marine x2  
  81  6:02  Marauder  
  84  6:05  Concussive Shells  
  84  6:06  SCV  
  84  6:09  Barracks Reactor, Supply Depot x2  
  85  6:11  SCV  
  85  6:12  Marauder  
  85  6:13  Marauder  
  87  6:18  SCV  
  87  6:20  Marine x2  
  87  6:23  SCV  
  87  6:24  Marauder, SCV  
  93  6:26  Medivac  
  93  6:28  Medivac  
  93  6:30  SCV  
  93  6:31  Widow Mine  
  100  6:35  SCV  
  100  6:36  SCV  
  102  6:40  Terran Infantry Armor Level 1  
  102  6:41  Supply Depot x2, Marine x2  
  102  6:42  SCV  
  102  6:44  Marauder  
  102  6:45  Marauder  
  109  6:47  SCV  
  109  6:48  SCV  
  109  6:49  Marine  
  109  6:50  Marine  
  113  6:55  Armory, SCV  
  113  6:57  Refinery  
  113  7:00  Marauder  
  116  7:06  SCV x2, Supply Depot  
  116  7:07  SCV  
  121  7:09  Marine x2  
  121  7:10  Marine  
  124  7:17  Refinery  
  124  7:18  SCV, Engineering Bay  
  125  7:23  Medivac x2, Marine  
  125  7:25  Marauder x2  
  125  7:28  Marauder, Missile Turret  
  134  7:31  Supply Depot, Marine  
  134  7:32  Marine  
  136  7:38  Widow Mine x2  
  136  7:42  Ghost Academy  
  136  7:43  Supply Depot  
  139  7:44  Terran Infantry Weapons Level 2  
  138  7:56  Marauder x3  
  138  7:57  Marine x2  
  141  7:59  Marine x2  
  141  8:04  Supply Depot  
  143  8:07  Widow Mine x2  
  147  8:12  Medivac  
  147  8:13  Medivac, Supply Depot  
  147  8:18  Marauder x3  
  157  8:23  Marine  
  157  8:24  Marine x3  
  151  8:35  Widow Mine x2  
  151  8:38  Ghost  
  151  8:39  Ghost x2  
  151  8:40  Marine  
  157  8:41  Marine  
  157  8:44  Liberator  
  157  8:45  Liberator  
  154  8:48  Marine x2  
  144  8:58  Marine  
  144  9:01  Command Center  
  147  9:08  Marauder x2  
  147  9:09  Marauder  
  153  9:10  Starport, Marine x2  
  153  9:11  Marine  
  156  9:17  Terran Infantry Armor Level 2  
  152  9:26  Marine  
  152  9:27  Marine  
  152  9:28  Marine  
  152  9:29  Marauder, Marine x2  
  144  9:36  Marauder  
  137  9:44  Marine  
  137  9:45  Marine x2  
  135  9:46  Viking x2  
  135  9:47  Marauder, Marine  
  135  9:51  Marauder  
  134  9:57  Marauder  
  133  10:04  Viking x2  
  137  10:07  Terran Infantry Weapons Level 3  
  137  10:08  Ghost  
  137  10:09  Marine x4  
  137  10:12  Marauder  
  145  10:18  Marauder  
  147  10:26  Marine  
  147  10:27  Marine x2  
  136  10:31  Marine  
  136  10:33  Marauder  
  124  10:37  SCV x3, Marauder  
  124  10:40  Marauder, Viking x3  
  124  10:42  Viking  
  139  10:49  SCV x3  
  143  10:55  Terran Ship Weapons Level 1  
  146  10:58  Bunker  
  146  10:59  Ghost  
  146  11:02  Ghost x2  
  146  11:04  SCV  
  149  11:05  SCV x2  
  149  11:10  Missile Turret  
  149  11:11  Missile Turret  
  151  11:16  Planetary Fortress  
  151  11:18  Viking  
  151  11:20  Viking  
  151  11:24  Viking  
  157  11:26  Marine x2  
  157  11:28  Marine x2  
  157  11:31  Viking  
  163  11:36  Marauder x2  
  163  11:37  Marauder  
  169  11:41  Refinery x2  
  169  11:43  Marine  
  169  11:44  Marine  
  169  11:46  Marine x2  
  173  11:57  Marauder  
  173  11:58  Marauder, Liberator x2, Marine  
  173  11:59  Liberator x2  
  178  12:01  Marine  
  160  12:16  Marine x3  
  160  12:17  Marauder  
  160  12:19  Marauder x2  
  160  12:21  Marine  
  175  12:33  Marine  
  175  12:34  Marine x2  
  178  12:38  Marauder  
  178  12:40  Marauder x2  
  178  12:41  Marine  
  178  12:42  SCV  
  181  12:51  Marine x2  
  181  12:52  Marine  
  153  12:58  Marine  
  153  12:59  Marauder  
  153  13:01  Marauder  
  153  13:02  Marauder  
  153  13:04  Orbital Command  
  126  13:09  Marine x3  
  126  13:11  Medivac x3  
  126  13:12  Medivac  
  114  13:16  Marine  
  115  13:20  Ghost  
  115  13:21  SCV  
  115  13:22  Ghost x2  
  115  13:26  Command Center  
  124  13:27  Marine x3  
  125  13:36  Marine  
  125  13:39  Sensor Tower  
  126  13:41  Barracks  
  126  13:45  Marine x3  
  126  13:47  Barracks  
  138  13:54  Viking x4  
  138  13:55  Ghost  
  139  13:58  Ghost x2  
  143  14:10  Marine x4  
  148  14:24  Viking x2, Marauder  
  148  14:27  Marauder  
  148  14:28  Viking  
  148  14:29  Viking  
  158  14:34  Marauder  
  160  14:38  Orbital Command  
  162  14:45  Marauder  
  162  14:48  Marauder  
  164  14:55  Marauder  
Show
View Real Time Build Order
Export as new Build Order

SKillous Protoss - Winner!

Build Orders: 1 Gate Expand, Blink Stalkers 

Get SALT Encoding   

  12  0:00  Probe  
  13  0:12  Probe  
  14  0:19  Pylon  
  14  0:24  Probe  
  15  0:33  Probe  
  15  0:37  Gateway  
  15  0:41  Probe  
  16  0:46  Assimilator  
  17  0:54  Probe  
  18  1:06  Probe  
  19  1:18  Probe  
  20  1:25  Cybernetics Core  
  20  1:34  Nexus  
  20  1:40  Pylon  
  20  1:43  Probe  
  21  1:48  Assimilator  
  21  1:52  Adept  
  21  1:55  Probe  
  22  2:01  Warp Gate  
  22  2:08  Probe  
  25  2:16  Stalker  
  25  2:17  Twilight Council  
  25  2:20  Probe  
  28  2:32  Probe  
  29  2:43  Probe  
  30  2:44  Probe  
  30  2:46  Stalker  
  33  2:51  Probe  
  33  2:55  Blink  
  33  2:56  Probe  
  35  3:01  Probe  
  36  3:05  Probe  
  37  3:13  Probe  
  37  3:16  Probe, Gateway  
  37  3:18  Gateway  
  39  3:25  Probe  
  39  3:26  Probe  
  40  3:30  Robotics Facility  
  41  3:37  Probe  
  41  3:38  Probe  
  41  3:39  Pylon  
  43  3:49  Probe x2  
  43  3:50  Assimilator  
  43  3:57  Probe  
  43  3:59  Stalker  
  43  4:02  Probe  
  47  4:11  Nexus  
  47  4:12  Observer  
  47  4:15  Pylon  
  48  4:26  Gateway  
  48  4:28  Gateway  
  48  4:29  Gateway  
  48  4:32  Observer  
  48  4:33  Stalker  
  51  4:39  Stalker  
  51  4:42  Stalker  
  55  4:48  Probe  
  55  4:49  Probe, Pylon  
  57  4:54  Observer  
  58  5:01  Probe  
  58  5:02  Probe  
  60  5:09  Probe  
  60  5:10  Probe  
  60  5:11  Forge, Pylon  
  60  5:13  Forge  
  62  5:18  Probe x2  
  62  5:23  Probe  
  62  5:26  Probe  
  62  5:28  Protoss Ground Weapons Level 1, Probe  
  65  5:29  Observer  
  65  5:34  Probe  
  65  5:35  Protoss Ground Armor Level 1, Probe  
  69  5:40  Probe  
  71  5:45  Probe  
  71  5:47  Probe  
  73  5:51  Pylon  
  73  5:52  Probe  
  73  5:53  Observer  
  75  5:57  Probe  
  75  5:59  Probe  
  75  6:00  Gateway x2  
  75  6:03  Pylon  
  77  6:04  Probe, Pylon  
  77  6:07  Sentry  
  77  6:08  Zealot x2, Sentry  
  77  6:09  Immortal  
  86  6:18  Probe  
  89  6:26  Stalker x2  
  89  6:27  Observer, Probe  
  89  6:28  Probe  
  95  6:34  Nexus  
  95  6:35  Pylon  
  95  6:36  Probe  
  95  6:39  Zealot x2  
  100  6:41  Probe  
  100  6:44  Immortal  
  101  6:47  Pylon  
  101  6:48  Shield Battery  
  105  6:56  Zealot x4  
  105  7:00  Probe  
  105  7:01  Probe x2  
  116  7:04  Zealot  
  118  7:11  Charge  
  118  7:12  Pylon  
  118  7:13  Probe, Protoss Ground Weapons Level 2  
  119  7:17  Observer, Pylon  
  119  7:19  Protoss Ground Armor Level 2  
  118  7:24  Robotics Bay  
  119  7:32  Zealot x5  
  119  7:33  Zealot x2  
  119  7:35  Zealot  
  131  7:53  Zealot x3  
  131  7:55  Stalker  
  131  7:56  Stalker  
  131  7:57  Stalker x2  
  139  8:04  Stalker, Assimilator  
  141  8:07  Assimilator  
  141  8:17  Probe x2  
  143  8:25  Zealot x3  
  142  8:29  Stalker x4  
  148  8:34  Probe  
  148  8:37  Zealot  
  139  8:44  Colossus, Observer  
  139  8:46  Extended Thermal Lance  
  119  8:50  Zealot x3  
  117  8:56  Zealot  
  117  8:57  Zealot x4  
  125  9:11  Sentry, Shield Battery  
  125  9:12  Sentry, Nexus  
  125  9:13  Zealot, Pylon x2  
  131  9:20  Zealot x3  
  131  9:21  Colossus  
  135  9:27  Zealot x2  
  135  9:31  Protoss Ground Armor Level 3  
  115  9:33  Zealot  
  115  9:37  Zealot  
  115  9:38  Zealot  
  107  9:43  Zealot x3, Protoss Ground Weapons Level 3  
  107  9:47  Zealot x2  
  107  9:52  Observer  
  99  10:00  Stalker x2, Zealot  
  99  10:04  Zealot x3  
  111  10:10  Probe, Gateway  
  111  10:11  Gateway  
  111  10:12  Stalker x2  
  115  10:15  Pylon  
  115  10:22  Zealot  
  115  10:23  Zealot x2, Warp Prism  
  115  10:24  Zealot  
  115  10:26  Zealot  
  115  10:27  Zealot  
  107  10:38  Stalker x2  
  107  10:39  Observer  
  110  10:44  Templar Archives  
  110  10:45  Assimilator, Probe  
  110  10:46  Probe x2  
  113  10:50  Zealot x3, Sentry  
  113  10:53  Immortal  
  121  10:57  Robotics Facility  
  125  11:05  Zealot x3  
  125  11:06  Zealot  
  133  11:12  Pylon  
  133  11:13  Probe x3  
  133  11:15  Stalker x2  
  140  11:19  Probe x2  
  140  11:21  High Templar  
  140  11:22  High Templar  
  145  11:27  Zealot x4, Archon  
  157  11:37  Stalker x2  
  157  11:38  Zealot  
  157  11:39  Zealot  
  169  11:47  Warp Prism  
  161  11:55  Zealot x2  
  161  11:56  Zealot  
  161  11:57  Zealot x5  
  173  12:02  Protoss Shields Level 1  
  173  12:03  Zealot, High Templar x2  
  173  12:04  Zealot  
  171  12:13  Colossus  
  171  12:14  Colossus  
  151  12:15  Archon  
  157  12:24  Zealot x4  
  157  12:25  Zealot x4  
  177  12:46  Zealot x2  
  177  12:47  Zealot x2, Stalker x4  
  177  12:48  Zealot x2  
  177  12:59  Colossus  
  177  13:00  Colossus  
  145  13:07  Zealot x3  
  145  13:10  Zealot  
  145  13:12  Zealot x6  
  155  13:29  Stalker, Sentry x2  
  155  13:33  Zealot x5  
  155  13:34  Zealot  
  173  13:38  Stalker  
  175  13:47  Nexus  
  175  13:48  Colossus  
  175  13:49  Pylon  
  181  13:57  Stargate, Assimilator  
  181  13:58  Assimilator  
  181  14:00  Pylon  
  181  14:03  Dark Shrine  
  179  14:13  Stalker x3  
  179  14:14  Stalker x4  
  193  14:18  Assimilator  
  193  14:19  Assimilator  
  193  14:41  Photon Cannon x2  
  193  14:44  Photon Cannon  
  193  14:45  Pylon, Shield Battery  
  193  14:46  Fleet Beacon  
  193  14:50  Stargate  
  193  15:11  Zealot  
  193  15:12  Zealot x6  
  193  15:13  Zealot x2  
Tags
 
Add a new tag
Caveats
  • Supply blocks, unpowered buildings, or Contaminate may cause inaccurate times.
  • Supply counts are checked every 10 seconds.